 Dungeon Crawl Stone Soup version 0.31.0-11-ge490571c62 (webtiles) character file.

Game seed: 12762183295147281564

14 Flugkiller the Chiller (level 2, -1/13 HPs)
             Began as a Vine Stalker Ice Elementalist on Feb 3, 2024.
             Slain by a scorpion (5 damage)
             ... on level 4 of the Dungeon.
             The game lasted 00:00:48 (255 turns).

Flugkiller the Chiller (VSIE)                        Turns: 255, Time: 00:00:49

Health: -1/13      AC:  2    Str: 10    XL:     2   Next: 41%
Magic:  0/6        EV: 12    Int: 15    God:
Gold:   50         SH:  0    Dex: 14    Spells: 5/6 levels left

rFire   . . .        (no weapon)
rCold   . . .        (no shield)
rNeg    . . .        a - +0 robe
rPois   .            (no helmet)
rElec   .            (no cloak)
rCorr   .            (no gloves)
SInv    .            (no boots)
Will    .....        (no amulet)
Stlth   ++           (no ring)
HPRegen 1.02/turn    (no ring)
MPRegen 0.10/turn

%: guardian spirit
@: lethally poisoned (-1 -> -1)
A: fangs 2, regeneration 1, magic shield, antimagic bite, no potion heal 2
a: no special abilities


You were on level 4 of the Dungeon.
You visited 1 branch of the dungeon, and saw 4 of its levels.

You collected 50 gold pieces.

Inventory:

Armour
 a - a +0 robe (worn)
Scrolls
 d - a scroll of revelation {unknown}
Potions
 b - a potion of magic
 c - a potion of heal wounds {unknown}


   Skills:
 - Level 1.5 Dodging
 - Level 2.4 Stealth
 + Level 2.7 Spellcasting
 + Level 4.3 Ice Magic


You had 5 spell levels left.
You knew the following spells:

 Your Spells              Type           Power      Damage    Failure   Level
a - Freeze                Ice            60%        1d7       3%          1

Your spell library contained the following spells:

 Spells                   Type           Power      Damage    Failure   Level
 Frozen Ramparts          Ice            30%        1d5       11%         3
 Ozocubu's Armour         Ice            15%        N/A       11%         3
 Summon Ice Beast         Ice/Summ       8%         N/A       26%         3


Dungeon Overview and Level Annotations

Branches:
Dungeon (4/15) Zot: 23744
 Temple: D:4-7

Altars:
Makhleb
Wu Jian
Yredelemnul
The Shining One

Shops:
D:1 (


Innate Abilities, Weirdness & Mutations

You have extremely sharp teeth.
Your natural rate of healing is unusually fast.
When hurt, damage is shared between your health and your magic reserves.
Your bite disrupts and absorbs the magic of your enemies.
Potions cannot restore your health.


Message History

Aim: a jackal (heavily wounded)
You freeze the jackal.
The jackal is almost dead.
The jackal misses you. The jackal bites you.
You closely miss the jackal. Your bite misses the jackal.
The jackal is almost dead.
The jackal bites you but does no damage.
Casting: Freeze (safe; 3% risk of failure)
Confirm with . or Enter, or press ? or * to list all spells.
Aiming: Freeze (safe; 3% risk of failure)
Press: ? - help, Shift-Dir - straight line, f/p - jackal
Aim: a jackal (almost dead)
You freeze the jackal.
You kill the jackal!
The jackal barks!
You hit the jackal. Your bite misses the jackal.
The jackal is lightly wounded.
The jackal barely misses you. The jackal closely misses you.
You hit the jackal.
The jackal is moderately wounded.
The jackal closely misses you.
You closely miss the jackal. Your bite misses the jackal.
The jackal is moderately wounded.
The jackal bites you. The jackal barely misses you.
You closely miss the jackal. You bite the jackal.
You kill the jackal!
You completely miss the jackal. Your bite misses the jackal.
The jackal barely misses you. The jackal closely misses you.
You hit the jackal.
The jackal is moderately wounded.
The jackal bites you.
You closely miss the jackal. Your bite misses the jackal.
The jackal is moderately wounded.
The jackal bites you.
A scorpion comes into view.
The jackal barely misses you. The jackal attacks as it pursues you!
The jackal bites you. The jackal bites you.
You open the door.
The jackal bites you but does no damage.
There is an open door here.
The jackal attacks as it pursues you! The jackal closely misses you.
The jackal misses you.
You hit the jackal but do no damage. Your bite misses the jackal.
The jackal is moderately wounded.
The jackal bites you.
You closely miss the jackal.
The jackal is moderately wounded.
The jackal bites you but does no damage.
The jackal closely misses you.
You closely miss the jackal.
The jackal is moderately wounded.
The jackal misses you.
You hit the jackal but do no damage. You bite the jackal.
You kill the jackal!
Casting: Freeze (safe; 3% risk of failure)
Confirm with . or Enter, or press ? or * to list all spells.
Aiming: Freeze (safe; 3% risk of failure)
Press: ? - help, Shift-Dir - straight line, f - scorpion
Aim: a scorpion You freeze the scorpion.
The scorpion is moderately wounded.
The scorpion stings you.
You hit the scorpion but do no damage. You bite the scorpion.
You drain its power.
You feel invigorated.
The scorpion is heavily wounded.
The scorpion stings you but does no damage.
You closely miss the scorpion.
You bite the scorpion, but do no damage.
The scorpion is heavily wounded.
The scorpion closely misses you.
Casting: Freeze (safe; 3% risk of failure)
Confirm with . or Enter, or press ? or * to list all spells.
Aiming: Freeze (safe; 3% risk of failure)
Press: ? - help, Shift-Dir - straight line, f/p - scorpion
Aim: a scorpion (heavily wounded)
You freeze the scorpion.
The scorpion is heavily wounded.
The scorpion closely misses you. x2
You hit the scorpion but do no damage.
The scorpion is heavily wounded.
The scorpion barely misses you.
You hit the scorpion but do no damage.
The scorpion is heavily wounded.
The scorpion stings you.
You are poisoned.
The scorpion poisons you!
You hit the scorpion but do no damage.
The scorpion is heavily wounded.
You feel sick. The scorpion stings you.
You hit the scorpion but do no damage.
The scorpion is heavily wounded.
You feel sick.
The scorpion stings you but does no damage.
You hit the scorpion but do no damage. Your bite misses the scorpion.
The scorpion is heavily wounded.
You feel sick.
The scorpion stings you but does no damage.
The scorpion stings you.
You die...

.....................
...................#
..........h........#
.#....#.#.#.........
#....#†#..<........
#....#.#......##..
#....#.#......#
#....#s##.....#
#...@#.###..#†#
+....s.# #....#
#....### ######
#..... #..... #####.#
.# .#


You could see a scorpion.

Vanquished Creatures
  A dart slug (D:4)
  An endoplasm (D:3)
  A hobgoblin (D:4)
  3 jackals (D:4)
  A quokka (D:3)
  2 ball pythons (D:1)
  A frilled lizard (D:3)
  A rat (D:3)
11 creatures vanquished.

Notes
Turn   | Place    | Note
-------+----------+-------------------------------------------
     0 | D:1      | Flugkiller the Vine Stalker Ice Elementalist began the
                  | quest for the Orb.
     0 | D:1      | Reached XP level 1. HP: 9/9 MP: 4/4
    21 | D:1      | Found Avt Bywn's Weapon Shop.
    49 | D:1      | Found a faded altar of an unknown god.
   171 | D:3      | Found a basalt altar of Yredelemnul.
   172 | D:3      | Found a burning altar of Makhleb.
   174 | D:3      | Found an ornate altar of the Wu Jian Council.
   175 | D:3      | Found a glowing golden altar of the Shining One.
   205 | D:4      | Reached XP level 2. HP: 11/13 MP: 1/6
   236 | D:4      | Noticed a scorpion
   255 | D:4      | Slain by a scorpion

Illustrated notes

Levels and vault maps discovered:
D:1:      onia_arrival_mini_spirals, layout_rooms, serial_shops, shop,
          shapermc_ecumenical_altar_mp_highgroup, st_stairs_1
D:2:      layout_basic
D:3:      layout_basic, mainiacjoe_overflow_alcove_3,
          mainiacjoe_overflow_alcove_2, serial_corexii_hall,
          corexii_hall_statues_s, chequers_hall_statues_y
D:4:      layout_basic, minivault_5, minmay_shop_enchanted_jewellery,
          minmay_fire_ice_demons, uniq_natasha

Action                     || total
---------------------------++-------
  Melee: Unarmed           ||    45
         Bite              ||    13
         Punch             ||     1
   Cast: Freeze            ||    14
    Use: Scroll            ||     1
 Armour: Robe              ||    31
  Dodge: Dodged            ||    40
